 Dungeon Crawl Stone Soup version 0.18.1-50-g88ac8fd (webtiles) character file.

980 Amnesiac the Cutter (level 8, -1/37 HPs)
             Began as a Vine Stalker Artificer on July 6, 2018.
             Was a Believer of Pakellas.
             Killed from afar by a steam dragon (7 damage)
             ... with a ball of steam
             ... on level 6 of the Dungeon.
             The game lasted 00:06:53 (4191 turns).

Amnesiac the Cutter (Vine Stalker Artificer)        Turns: 4191, Time: 00:06:53

Health: -1/37      AC:  5    Str: 15    XL:     8   Next: 17%
Magic:  0/13       EV: 12    Int: 12    God:    Pakellas [**....]
Gold:   346        SH:  0    Dex: 16    Spells: 0 memorised, 7 levels left

rFire  . . .     SeeInvis .     a - +1 dagger (elec)
rCold  . . .     Gourm    .     m - +0 leather armour
rNeg   . . .     Faith    .     (no shield)
rPois  +         Spirit   +     (no helmet)
rElec  .         Dismiss  .     l - +0 cloak
rCorr  .         Reflect  .     (no gloves)
SustAt .         Harm     .     u - +0 pair of boots
MR     +....                    (no amulet)
Stlth  ++........               (no ring)
                                y - ring of poison resistance

@: somewhat resistant to hostile enchantments, unstealthy
A: fangs 3, regeneration 2, magic shield, antimagic bite, no device heal 3, rot
immunity
a: Quick Charge, Renounce Religion


You were on level 6 of the Dungeon.
You worshipped Pakellas.
Pakellas was pleased with you.
You were not hungry.

You visited 2 branches of the dungeon, and saw 7 of its levels.

You collected 346 gold pieces.

Inventory:

Hand Weapons
 a - a +1 dagger of electrocution (weapon)
 b - a +0 blowgun
 D - a +2 short sword of electrocution
Missiles
 k - 31 poisoned needles
 v - 2 needles of confusion
Armour
 l - a +0 cloak (worn)
 m - a +0 leather armour (worn)
 u - a +0 pair of boots (worn)
Jewellery
 y - a ring of poison resistance (left hand)
 C - a +4 ring of strength {unknown}
Wands
 d - a wand of enslavement (15/24)
 e - a wand of random effects (15/48)
 g - a wand of confusion (17/48)
 B - a wand of acid (6/15)
 E - a wand of polymorph (8/24)
 J - a wand of heal wounds (1/9)
 V - a wand of flame (14/48)
Scrolls
 c - a scroll of magic mapping {!r, unknown}
 h - 2 scrolls of teleportation {!r, unknown}
 i - 2 scrolls of remove curse {!r, unknown}
 j - a scroll of enchant weapon {!r, unknown}
 o - 2 scrolls of blinking {!r, unknown}
 s - a scroll of random uselessness {!r, unknown}
 t - a scroll of fear {!r, unknown}
 x - a scroll of immolation {!r, unknown}
 F - 2 scrolls of identify {!r, unknown}
 G - a scroll of enchant armour {!r, unknown}
 I - a scroll of noise {!r, unknown}
Potions
 n - 4 potions of lignification {!q, unknown}
 q - 2 potions of might {!q, unknown}
 r - a potion of agility {!q, unknown}
 w - a potion of haste {!q, unknown}
 z - a potion of degeneration {!q, unknown}
 A - 2 potions of curing {!q, unknown}
Miscellaneous
 M - a box of beasts
Comestibles
 f - 5 bread rations
 p - 2 beef jerkies
 H - a royal jelly
 K - a meat ration
 L - 2 chunks of flesh


   Skills:
 - Level 0.8 Fighting
 + Level 6.3 Short Blades
 - Level 1.5 Dodging
 - Level 1.2 Stealth
 + Level 6.0 Evocations


You had 7 spell levels left.
You didn't know any spells.

Dungeon Overview and Level Annotations

Branches:
Dungeon (6/15)             Temple (1/1) D:5

Altars:
Ashenzari
Cheibriados
Dithmenos
Elyvilon
Fedhas
Kikubaaqudgha
Makhleb
Nemelex Xobeh
Pakellas
Qazlal
Ru
Sif Muna
Trog
Xom
Yredelemnul
Zin
The Shining One


Innate Abilities, Weirdness & Mutations

You have razor-sharp teeth.
You heal very quickly.
When hurt, damage is shared between your health and your magic reserves.
Your bite disrupts and absorbs the magic of your enemies.
Potions and wands cannot restore your health.
You are immune to rotting.


Message History

The jackal is moderately wounded.
The jackal barely misses you.
You hit the jackal but do no damage. You bite the jackal, but do no damage.
The jackal is moderately wounded.
The jackal closely misses you.
You hit the jackal but do no damage. You bite the jackal. You drain its power.
You kill the jackal!
Pakellas accepts your kill.
No target in view!
You see here a jackal corpse.
You butcher the jackal corpse.
L - 3 chunks of flesh
M - a box of beasts You see here a giant newt corpse.
Found a plate armour.
Eating one of 3 chunks of flesh.
This raw flesh tastes terrible.
You continue eating. x2
A steam dragon comes into view.
A steam dragon is nearby!
A steam dragon comes into view.
The steam dragon is sucked into a shaft!
The shaft crumbles and collapses.
The steam dragon breathes steam at you. The ball of steam hits you!
You are engulfed in a cloud of scalding steam.
* * * LOW HITPOINT WARNING * * *
The steam dragon breathes steam at you. The ball of steam hits you!
* * * LOW HITPOINT WARNING * * *
Put on which piece of jewellery? (? for menu, Esc to quit)
Okay, then.
Evoke which item? (* to show all) (? for menu, Esc to quit)
Zapping:
J - a wand of heal wounds (4/9)
Press: ? - help, Shift-Dir - straight line, f - you That seemed strangely inert.
This wand has 3 charges left.
The steam dragon bites you.
* * * LOW HITPOINT WARNING * * *
The steam dragon claws you but does no damage.
Evoke which item? (* to show all) (? for menu, Esc to quit)
Zapping:
J - a wand of heal wounds (3/9)
Press: ? - help, Shift-Dir - straight line, f - you That seemed strangely inert.
This wand has 2 charges left.
The steam dragon misses you. The steam dragon claws you.
* * * LOW HITPOINT WARNING * * *
Evoke which item? (* to show all) (? for menu, Esc to quit)
Zapping:
J - a wand of heal wounds (2/9)
Press: ? - help, Shift-Dir - straight line, f - you That seemed strangely inert.
This wand has 1 charge left.
The steam dragon breathes steam at you. The ball of steam misses you.
The fungus is engulfed in a cloud of scalding steam.
The steam dragon barely misses you. The steam dragon claws you.
* * * LOW HITPOINT WARNING * * *
Evoke which item? (* to show all) (? for menu, Esc to quit)
Zapping:
g - a wand of confusion (18/48)
Press: ? - help, Shift-Dir - straight line, f - steam dragon
Aim: a steam dragon (catching its breath, chance to defeat MR: 59%)
The steam dragon resists with significant effort.
This wand has 17 charges left.
The fungus is engulfed in a cloud of scalding steam.
The steam dragon breathes steam at you. The ball of steam hits you!
You die...
Pakellas says: Good help is so hard to find these days!

## #### ###^.###
#≈≈.≈≈P####### ##
##....≈§P≈..≈.#######.
#...D§.§.§.......PPPP≈
#....@P≈PP§...≈.P.....
#P≈....≈#########^≈.≈P
##≈.PP.## ######
##≈≈≈## #####


You could see a steam dragon.

Vanquished Creatures
  2 ogres (D:5)
  Blork the orc (D:6)
  A giant frog (D:5)
  A scorpion (D:6)
  A howler monkey (D:4)
  2 crimson imps
  The ghost of Amnesiac the Charlatan, a weakling VSAr (D:4)
  3 hounds
  An orc priest (D:3)
  An orc wizard (D:3)
  Ijyb (D:3)
  3 worker ants
  A howler monkey zombie (D:6)
  4 gnolls (D:4)
  11 adders
  A shadow imp (D:5)
  2 worms
  6 dart slugs
  4 giant geckos
  8 orcs
  7 bats
  3 giant cockroaches
  4 goblins
  6 hobgoblins
  9 jackals
  7 kobolds
  2 quokkas
  3 ball pythons
  A giant gecko skeleton (D:4)
  8 giant newts
  11 rats
116 creatures vanquished.

Notes
Turn   | Place    | Note
--------------------------------------------------------------
     0 | D:1      | Amnesiac the Vine Stalker Artificer began the quest for the Orb.
     0 | D:1      | Reached XP level 1. HP: 9/9 MP: 3/3
    12 | D:1      | Reached skill level 1 in Short Blades
   180 | D:1      | Reached XP level 2. HP: 13/14 MP: 5/5
   322 | D:3      | Reached XP level 3. HP: 10/17 MP: 6/6
   546 | D:3      | Reached XP level 4. HP: 14/21 MP: 4/7
   594 | D:3      | Reached XP level 5. HP: 22/25 MP: 8/8
   615 | D:4      | Found an ancient bone altar of Kikubaaqudgha.
   684 | D:4      | Noticed Amnesiac's ghost (weakling VSAr)
   810 | D:3      | Found a burning altar of Makhleb.
   821 | D:3      | Noticed Ijyb
   829 | D:3      | Killed Ijyb
   975 | D:4      | Gained mutation: You heal very quickly. [Vine Stalker growth]
   975 | D:4      | Reached XP level 6. HP: 29/29 MP: 10/10
  1278 | D:4      | Found a basalt altar of Yredelemnul.
  1434 | D:4      | Killed Amnesiac's ghost
  1492 | D:5      | Entered Level 5 of the Dungeon
  1501 | D:5      | Reached skill level 5 in Short Blades
  1501 | D:5      | Reached XP level 7. HP: 11/32 MP: 3/11
  1587 | D:5      | Reached skill level 5 in Evocations
  1662 | D:5      | Found a staircase to the Ecumenical Temple.
  1671 | Temple   | Entered the Ecumenical Temple
  1723 | Temple   | Became a worshipper of Pakellas the Inventive
  2609 | D:1      | Reached * piety under Pakellas
  2609 | D:1      | Received a gift from Pakellas
  3610 | D:5      | Found a bloodstained altar of Trog.
  3624 | D:5      | Found a stormy altar of Qazlal.
  3758 | D:5      | Found a shattered altar of Ashenzari.
  4033 | D:6      | Noticed Blork the orc
  4047 | D:6      | Killed Blork the orc
  4047 | D:6      | Gained mutation: You have razor-sharp teeth. [Vine Stalker growth]
  4047 | D:6      | Reached XP level 8. HP: 36/37 MP: 13/13
  4129 | D:6      | Reached ** piety under Pakellas
  4129 | D:6      | Received a gift from Pakellas
  4191 | D:6      | Killed from afar by a steam dragon

Skill      XL: |  1  2  3  4  5  6  7  8 |
---------------+-------------------------+-----
Short Blades   | 1 2 3 4 5 6 |  6.3
Evocations     | 3 4 5 6 |  6.0
Fighting       | |  0.8
Dodging        | |  1.5
Stealth        | |  1.2

Action                   |  1- 3 |  4- 6 |  7- 9 || total
-------------------------+-------+-------+-------++-------
Melee: Short sword       |    25 |       |       ||    25
       Bite              |    14 |    39 |    50 ||   103
       Dagger            |    38 |   156 |   180 ||   374
Evoke: Wand              |     1 |     3 |     9 ||    13
 Stab: Sleeping          |     3 |     3 |     3 ||     9
       Confused          |       |     3 |       ||     3
  Eat: Chunk             |       |     2 |     9 ||    11
Armor: Leather armour    |    20 |    24 |    40 ||    84
Dodge: Dodged            |    39 |    65 |    89 ||   193
